 Dungeon Crawl Stone Soup version 0.26-a0-450-ge645bd13c1 (webtiles) character file.

Game seed: 10462687903577765377

32287 Morbidden the Eclecticist (level 13, -1/76 HPs)
             Began as a Deep Elf Conjurer on July 27, 2020.
             Was the Champion of Cheibriados.
             Slain by a cane toad (4 damage)
             ... while petrified by you
             ... on level 4 of the Lair of Beasts.
             The game lasted 00:53:35 (22266 turns).

Morbidden the Eclecticist (Deep Elf Conjurer)      Turns: 22266, Time: 00:53:36

Health: -1/76      AC: 16    Str: 25    XL:     13   Next: 30%
Magic:  16/34      EV:  2    Int: 44    God:    Cheibriados [******]
Gold:   1138       SH:  0    Dex: 29    Spells: 29/42 levels left

rFire    . . .     SeeInvis .   i - +2 trident (venom)
rCold    . . .     Faith    .   L - +0 kite shield
rNeg     + + +     Spirit   .   I - +6 scale mail of the Realm of Zot {+Inv Str+2 Int+4 Dex-5}
rPois    ∞         Reflect  .   E - +0 helmet
rElec    .         Harm     .   t - scarf {repulsion}
rCorr    .                      A - +0 pair of gloves
MR       +....                  F - +0 pair of boots
Stlth    +++.......             (no amulet)
HPRegen  0.22/turn              x - +6 ring of dexterity
MPRegen  0.24/turn              D - ring of poison resistance

@: petrified, repel missiles, very slow
A: no striking features
a: Bend Time, Temporal Distortion, Slouch, Step From Time, Renounce Religion,
Evoke Invisibility


You were on level 4 of the Lair of Beasts.
You worshipped Cheibriados.
Cheibriados was exalted by your worship.
You visited 4 branches of the dungeon, and saw 17 of its levels.
You also visited: Sewer.

You collected 1218 gold pieces.
You spent 80 gold pieces at shops.

Inventory:

Hand Weapons
 i - a +2 trident of venom (weapon)
Missiles
 d - 77 poisoned darts (quivered)
 e - a throwing net
 w - 6 javelins
Armour
 t - a scarf of repulsion (worn)
 A - a +0 pair of gloves (worn)
 E - a +0 helmet (worn)
 F - a +0 pair of boots (worn)
 H - a +1 robe of fire resistance
 I - the +6 scale mail of the Realm of Zot (worn) {+Inv Str+2 Int+4 Dex-5}
   (You found it on level 9 of the Dungeon)

   It affects your strength (+2).
   It affects your intelligence (+4).
   It affects your dexterity (-5).
   It lets you turn invisible.
 L - a +0 kite shield (worn)
Magical Staves
 h - an uncursed staff of air
 u - an uncursed staff of earth
Jewellery
 x - a +6 ring of dexterity (left hand)
 D - a ring of poison resistance (right hand)
Wands
 p - a wand of iceblast (28)
 r - a wand of digging (5)
 B - a wand of polymorph (3)
 K - a wand of flame (9)
 M - a wand of acid (7)
 O - a wand of disintegration (3)
Scrolls
 a - 8 scrolls of remove curse
 b - 5 scrolls of blinking
 f - 5 scrolls of teleportation
 k - 5 scrolls of magic mapping
 n - a scroll of fog
 s - 11 scrolls of identify
 y - 4 scrolls of fear
 G - 2 scrolls of immolation
 J - 2 scrolls of amnesia
Potions
 c - a potion of resistance {unknown}
 g - 3 potions of might
 j - a potion of heal wounds
 l - 3 potions of haste {unknown}
 m - 10 potions of curing
 o - 5 potions of brilliance
 q - 2 potions of cancellation {unknown}
 v - 3 potions of flight
 z - 3 potions of stabbing
 C - 2 potions of mutation
 N - 6 potions of ambrosia {unknown}


   Skills:
 * Level 7.3 Fighting
 + Level 5.6 Polearms
 + Level 1.2 Throwing
 + Level 4.6 Armour
 + Level 9.2 Dodging
 + Level 5.5 Stealth
 * Level 4.4 Shields
 * Level 15.1 Spellcasting
 + Level 9.7 Conjurations
 + Level 4.0 Hexes
 + Level 1.6 Translocations
 * Level 7.5 Invocations
 + Level 0.7 Evocations


You had 29 spell levels left.
You knew the following spells:

 Your Spells              Type           Power        Failure   Level
a - Magic Dart            Conj           ####         1%          1
b - Searing Ray           Conj           ######       1%          2
c - Fulminant Prism       Conj/Hex       #######...   4%          4
d - Blink                 Tloc           N/A          5%          2
z - Iskenderun's Mystic   Conj/Tloc      ######..     7%          4

Your spell library contained the following spells:

 Spells                   Type           Power        Failure   Level
 Corona                   Hex            ######.      1%          1
 Slow                     Hex            ######..     1%          2
 Dazzling Flash           Conj/Hex       ######       1%          3
 Apportation              Tloc           #####.       3%          1
 Conjure Flame            Conj/Fire      ######..     3%          3
 Mephitic Cloud           Conj/Pois/Air  ######..     5%          3
 Animate Skeleton         Necr           ####..       7%          1
 Summon Small Mammal      Summ           ####         7%          1
 Call Imp                 Summ           ####....     11%         2
 Poisonous Vapours        Pois/Air       ####..       11%         2
 Freezing Cloud           Conj/Ice/Air   ######....   96%         6


Dungeon Overview and Level Annotations

Branches:
Dungeon (11/15)            Temple (1/1) D:4            Lair (4/6) D:11
 Shoals (0/4) Lair:2        Snake (1/4) Lair:3        Sewer (visited)
    Orc: D:9-12

Altars:
Ashenzari
Cheibriados
Dithmenos
Elyvilon
Fedhas
Gozag
Hepliaklqana
Kikubaaqudgha
Nemelex Xobeh
Okawaru
Qazlal
Ru
Sif Muna
Trog
Uskayaw
Vehumet
Wu Jian
Xom
Yredelemnul
Zin

Shops:
D:6 *

Annotations:
D:3 3 runed translucent doors, MrRokkomies's ghost, weakling PaDe; paps's ghost, amateur OpTm
D:8 Gastronok
Lair:4 1 runed translucent door, Anness's ghost, journeyman DsFE


Message History

You have turned to stone.
The cane toad croaks.
The water moccasin hisses angrily.
The cane toad barely misses you. The water moccasin bites you.
The cane toad stings you!
The water moccasin bites you but does no damage.
The cane toad stings you!
* * * LOW HITPOINT WARNING * * *
The water moccasin bites you but does no damage.
The cane toad stings you!
* * * LOW HITPOINT WARNING * * *
The water moccasin bites you!
* * * LOW HITPOINT WARNING * * *
The cane toad stings you!
* * * LOW HITPOINT WARNING * * *
The water moccasin bites you.
* * * LOW HITPOINT WARNING * * *
The porcupine bites you.
* * * LOW HITPOINT WARNING * * *
The cane toad stings you!
You die...

#......#
#......
##.....##
.......#
#.....$#
##.....###.#
#..Sr......
#.@F.<#
###..## ####


You could see a cane toad, a water moccasin and a porcupine.

Vanquished Creatures
  3 hydras
  A catoblepas (Lair:2)
  A queen ant (Lair:2)
  3 two-headed ogres
  An unseen horror (D:10)
  Pikel (D:7)
  An ugly thing (D:11)
  2 elephants (Lair:2)
  Joseph (D:10)
  A merfolk siren (Lair:2)
  A torpor snail (Lair:2)
  11 cane toads
  A rime drake (Lair:3)
  A demonic crawler (Lair:4)
  3 komodo dragons (Lair:4)
  A troll (D:10)
  A queen bee (Lair:2)
  Grinder (D:6)
  A blink frog (Lair:1)
  8 hippogriffs
  5 wyverns (Lair:2)
  A human (D:8)
  Eustachio (D:5)
  4 hogs (D:8)
  25 yaks
  4 basilisks
  Edmund (D:6)
  A swamp worm (Lair:4)
  4 nagas (Lair:3)
  7 soldier ants (Lair:2)
  9 porcupines
  9 water moccasins
  Duvessa (D:7)
  2 sky beasts
  2 ice beasts
  5 orc warriors
  6 ogres
  2 phantoms
  A black bear (D:7)
  A wolf (Lair:2)
  8 centaurs
  2 lemures
  7 crocodiles
  A big kobold (D:11)
  12 bullfrogs
  A wyvern skeleton (D:10)
  4 scorpions
  Dowan (D:7)
  37 killer bees
  12 wights
  A howler monkey (D:5)
  6 electric eels
  A bullfrog zombie (D:8)
  A quasit (D:7)
  5 centaur zombies
  5 hounds
  3 jellies
  2 centaur skeletons
  A gnoll shaman (D:4)
  5 orc priests
  7 orc wizards
  A bullfrog skeleton (D:9)
  Jessica (D:4)
  3 iguanas
  27 worker ants
  Ijyb (D:5)
  A hound zombie (D:6)
  A hound skeleton (D:5)
  A worker ant zombie (D:5)
  2 howler monkey zombies
  8 adders
  4 gnolls (D:4)
  2 shadow imps
  3 ufetubi
  An ooze (D:4)
  3 adder skeletons
  3 worms
  A dart slug (D:1)
  6 leopard geckos
  39 orcs
  6 giant cockroaches
  13 goblins
  9 hobgoblins
  21 jackals
  14 kobolds
  3 quokkas
  3 ball pythons
  6 bats
  11 frilled lizards
  A jackal skeleton (D:4)
  8 rats
  A bush (Lair:2)
  3 fungi
  8 plants
472 creatures vanquished.

Vanquished Creatures (others)
  An orc warrior (D:10)
  2 bushes
  86 fulminant prisms
  15 fungi
  27 plants
131 creatures vanquished.

Grand Total: 603 creatures vanquished

Notes
Turn   | Place    | Note
-------+----------+-------------------------------------------
     0 | D:1      | Morbidden the Deep Elf Conjurer began the quest for the
                  | Orb.
     0 | D:1      | Reached XP level 1. HP: 10/10 MP: 6/6
   320 | D:1      | Reached XP level 2. HP: 15/15 MP: 6/8
   967 | D:1      | Reached XP level 3. HP: 20/20 MP: 6/10
  1227 | D:1      | Learned a level 2 spell: Searing Ray
  1300 | D:2      | Reached skill level 1 in Fighting
  1644 | D:2      | Reached skill level 4 in Spellcasting
  2098 | D:3      | Reached XP level 4. HP: 24/25 MP: 12/12
  2173 | D:3      | Found a bloodstained altar of Trog.
  2498 | D:3      | Reached skill level 5 in Conjurations
  2834 | D:3      | Found a runed translucent gate.
  2834 | D:3      | Found a runed translucent gate.
  2834 | D:3      | Found a runed translucent gate.
  2846 | D:3      | Noticed MrRokkomies's ghost (weakling PaDe)
  2846 | D:3      | Noticed paps's ghost (amateur OpTm)
  3121 | D:3      | Reached XP level 5. HP: 23/29 MP: 4/14
  3422 | D:4      | Reached skill level 5 in Spellcasting
  3610 | D:4      | Found a glowing drain.
  3615 | D:4      | Reached XP level 6. HP: 13/35 MP: 11/16
  3654 | Sewer    | Entered a sewer
  4865 | D:4      | Noticed a moth of wrath
  4868 | D:4      | Found a bloodstained altar of Trog.
  4909 | D:4      | Found a staircase to the Ecumenical Temple.
  4988 | D:4      | Found a sparkling altar of Nemelex Xobeh.
  5015 | Temple   | Entered the Ecumenical Temple
  5067 | Temple   | Became a worshipper of Cheibriados the Contemplative
  5214 | D:4      | Found a sparkling altar of Nemelex Xobeh.
  5214 | D:4      | Noticed Jessica
  5215 | D:4      | Killed Jessica
  5215 | D:4      | Reached skill level 6 in Spellcasting
  5408 | D:4      | Reached skill level 1 in Polearms
  5766 | D:5      | Entered Level 5 of the Dungeon
  5901 | D:5      | Noticed a sky beast
  5924 | D:5      | Killed a sky beast
  5924 | D:5      | Reached XP level 7. HP: 23/40 MP: 10/18
  6264 | D:5      | Noticed Ijyb
  6271 | D:5      | Killed Ijyb
  6350 | D:5      | Found an opulent altar of Gozag.
  6540 | D:5      | Reached skill level 7 in Spellcasting
  6790 | D:6      | Noticed Eustachio
  7058 | D:6      | Noticed Grinder
  7122 | D:6      | Found a glowing silver altar of Zin.
  7273 | D:6      | Reached * piety under Cheibriados
  7287 | D:5      | Killed Eustachio
  7287 | D:5      | Reached XP level 8. HP: 31/45 MP: 11/21
  7447 | D:6      | Reached skill level 5 in Dodging
  7637 | D:6      | Reached skill level 8 in Spellcasting
  7665 | D:6      | Noticed Pikel
  7820 | D:6      | Found Docag's Assorted Antiques.
  7828 | D:6      | Bought a tubular glass ring for 80 gold pieces
  8011 | D:7      | Found a stormy altar of Qazlal.
  8191 | D:7      | Noticed Dowan
  8193 | D:7      | Noticed Duvessa
  8211 | D:7      | Killed Dowan
  8212 | D:7      | Killed Duvessa
  8486 | D:7      | Learned a level 4 spell: Fulminant Prism
  8491 | D:7      | Learned a level 4 spell: Iskenderun's Mystic Blast
  8626 | D:7      | Reached skill level 9 in Spellcasting
  8944 | D:7      | Reached ** piety under Cheibriados
  9292 | D:7      | Noticed a hippogriff
  9299 | D:7      | Killed a hippogriff
  9299 | D:7      | Reached XP level 9. HP: 52/52 MP: 16/24
  9419 | D:7      | Killed Pikel
  9419 | D:7      | Reached skill level 10 in Spellcasting
  9546 | D:6      | Learned a level 2 spell: Blink
  9662 | D:6      | Killed Grinder
  9730 | D:6      | Noticed Edmund
  9740 | D:6      | Killed Edmund
  9782 | D:6      | Reached skill level 5 in Stealth
 10247 | D:8      | Found a shadowy altar of Dithmenos.
 10247 | D:8      | Found a shimmering blue altar of Sif Muna.
 10268 | D:8      | Identified the +3 ring mail of the Orb Guardian {rN+ Dex+6
                  | Slay-2 Stlth+} (You found it on level 8 of the Dungeon)
 10606 | D:8      | Reached *** piety under Cheibriados
 10606 | D:8      | Reached skill level 11 in Spellcasting
 11573 | D:8      | Reached skill level 5 in Fighting
 11573 | D:8      | Reached XP level 10. HP: 33/59 MP: 17/27
 11575 | D:8      | Reached skill level 1 in Invocations
 11807 | D:8      | Reached skill level 1 in Hexes
 11911 | D:8      | Noticed Gastronok
 12546 | D:9      | Got a fine scale mail
 12557 | D:9      | Identified the +6 scale mail of the Realm of Zot {+Inv
                  | Str+2 Int+4 Dex-5} (You found it on level 9 of the Dungeon)
 12683 | D:9      | Reached **** piety under Cheibriados
 12689 | D:9      | Noticed a two-headed ogre
 12698 | D:9      | Killed a two-headed ogre
 12698 | D:9      | Reached skill level 12 in Spellcasting
 13167 | D:9      | Noticed a two-headed ogre
 13186 | D:9      | Killed a two-headed ogre
 13466 | D:10     | Entered Level 10 of the Dungeon
 13482 | D:9      | Reached ***** piety under Cheibriados
 13705 | D:10     | Reached XP level 11. HP: 58/64 MP: 13/29
 13995 | D:10     | Noticed Joseph
 14021 | D:10     | Killed Joseph
 14343 | D:10     | Noticed a two-headed ogre
 14350 | D:10     | Killed a two-headed ogre
 14350 | D:10     | Reached skill level 1 in Armour
 14350 | D:10     | Reached skill level 13 in Spellcasting
 14459 | D:10     | Killed an unseen horror
 14459 | D:10     | Reached skill level 1 in Throwing
 15086 | D:11     | Noticed a cyan ugly thing
 15098 | D:11     | Killed a cyan ugly thing
 15098 | D:11     | Reached skill level 1 in Translocations
 15694 | D:11     | Found a staircase to the Lair.
 15742 | D:11     | Reached skill level 5 in Invocations
 16300 | D:11     | Reached skill level 1 in Shields
 16549 | D:11     | Reached ****** piety under Cheibriados
 16621 | Lair:1   | Entered Level 1 of the Lair of Beasts
 16632 | Lair:1   | Noticed a four-headed hydra
 16640 | Lair:1   | Killed a four-headed hydra
 16916 | Lair:1   | Reached XP level 12. HP: 60/71 MP: 15/31
 17420 | Lair:1   | Reached skill level 14 in Spellcasting
 18402 | Lair:2   | Noticed a catoblepas
 18413 | Lair:2   | Killed a catoblepas
 18731 | Lair:2   | Reached skill level 5 in Polearms
 20115 | Lair:2   | Noticed a queen ant
 20124 | Lair:2   | Killed a queen ant
 20292 | Lair:2   | Reached XP level 13. HP: 60/76 MP: 4/33
 20623 | Lair:2   | Found a staircase to the Shoals.
 20748 | Lair:3   | Found a staircase to the Snake Pit.
 21828 | Snake:1  | Entered Level 1 of the Snake Pit
 21977 | Lair:4   | Found a runed translucent door.
 21979 | Lair:4   | Noticed Anness's ghost (journeyman DsFE)
 22040 | Lair:4   | Reached skill level 15 in Spellcasting
 22265 | Lair:4   | HP: 2/76 [porcupine (3)]
 22266 | Lair:4   | Slain by a cane toad

Illustrated notes

Levels and vault maps discovered:
D:1:      sevenhm_arrival_forest_fort_large_2, layout_basic
D:2:      layout_loops_cross
D:3:      layout_basic, gammafunk_ghost_cemetery, trog_three_pillars_becter
D:4:      layout_loops_cross, tgw_trog, nemelex_xobeh_ov_fountains_minmay,
          minmay_temple_entry_mist, portal_sewer_entry_b,
          palyth_stone_intersect, nemelex_lonely_heart_becter
D:5:      layout_loops_cross, grunt_gozag_statues, uniq_ijyb
D:6:      layout_cave_pools, lemuel_crystal_altar, serial_column_ruins,
          column_ruins_open_small, column_ruins_corridor_straight,
          column_ruins_open_small, column_ruins_grid_1, column_ruins_grid_1,
          column_ruins_columns_corner, column_ruins_grid_1, serial_shops,
          nicolae_shop_overgrown_old_shop, uniq_grinder, uniq_eustachio,
          uniq_edmund, uniq_pikel
D:7:      layout_basic, old_standard_altar, minmay_misc_feat_roman, uniq_duvessa
D:8:      layout_loops_corners, chequers_temple_overflow_statue_of_worship,
          grunt_livestock, eino_jars, uniq_gastronok
D:9:      layout_rooms, marbit_many_paths
D:10:     layout_small_grid, nicolae_sextant, uniq_joseph
D:11:     layout_basic, minmay_lair_entry_grove
Temple:   eino_temple_water
Lair:1:   layout_loops_ring, serial_bayou, serial_bayou_pond_b,
          serial_bayou_pond_c, serial_bayou_crossing, serial_bayou_pond_b,
          serial_bayou_pond_b, serial_bayou_shore_a
Lair:2:   regret_index_tunnel_blossom, layout_regular_city,
          elwin_shoals_entry_rooms, serial_bayou_pond_e, zaba_antful_of_joy,
          lemuel_fruit_tree
Lair:3:   layout_regular_city, minmay_snake_entry_guardpost_small
Lair:4:   layout_roguey, ebering_ghost_inner_flame, worms_lemuel,
          minmay_lair_oklob_chamber, infiniplex_staircase_pool_2,
          grunt_megastairs_2
Snake:1:  layout_onion, nicolae_snake_springs, grunt_megastairs_4,
          serial_bayou_shore_b, uniq_asterion, uniq_frances

Skill      XL: |  1  2  3  4  5  6  7  8  9 10 11 12 13 |
---------------+----------------------------------------+-----
Fighting       | 1 2 3 5 6 7 |  7.3
Spellcasting   | 4 5 6 7 9 11 12 13 14 15 | 15.1
Stealth        | 3 4 5 |  5.5
Dodging        | 3 4 5 6 7 8 9 |  9.2
Conjurations   | 5 6 7 8 9 |  9.7
Polearms       | 1 2 3 4 5 |  5.6
Invocations    | 3 5 7 |  7.5
Hexes          | 3 4 |  4.0
Armour         | 2 4 |  4.6
Throwing       | 1 |  1.2
Translocations | 1 |  1.6
Shields        | 1 4 |  4.4
Evocations     | |  0.7

Action                   |  1- 3 |  4- 6 |  7- 9 | 10-12 | 13-15 || total
-------------------------+-------+-------+-------+-------+-------++-------
Melee: Trident           |    12 |   161 |    83 |   277 |    39 ||   572
       Unarmed           |     2 |       |       |       |       ||     2
Throw: Dart              |       |       |       |    26 |       ||    26
 Cast: Magic Dart        |    64 |    70 |   107 |   186 |    26 ||   453
       Searing Ray       |     5 |    28 |    45 |    67 |     9 ||   154
       Fulminant Prism   |       |       |    10 |    59 |    17 ||    86
       Iskenderun's Myst |       |       |     4 |    45 |     6 ||    55
Evoke: Wand              |       |       |       |     3 |       ||     3
  Use: Scroll            |       |     7 |     4 |    12 |     3 ||    26
       Potion            |       |       |     2 |     2 |       ||     4
 Stab: Sleeping          |     3 |     2 |     3 |     7 |     1 ||    16
       Distracted        |       |       |       |     1 |     1 ||     2
Armor: Robe              |     2 |     8 |    15 |     7 |       ||    32
       Scale mail        |       |       |       |    93 |    22 ||   115
Dodge: Dodged            |    11 |    70 |   147 |   288 |    43 ||   559
       Repelled          |       |       |     1 |     1 |       ||     2
Block: Kite shield       |       |       |       |   140 |    25 ||   165

Table legend: (Time is in decaauts)
 A = Elapsed time spent in this place.
 B = Non-inter-level travel time spent in this place.
 C = Inter-level travel time spent in this place.
 D = Time resting spent in this place.
 E = Time spent auto-exploring this place.
 F = Levels seen in this place.
 G = Mean time per level.
                   A        B        C        D        E       F      G
               +--------+--------+--------+--------+--------+-----+--------+
         Total |  28042 |  27068 |    974 |   2909 |  20382 |  18 | 1557.9 |
       Dungeon |  18415 |  17609 |    806 |   2208 |  12978 |  11 | 1674.1 |
        Temple |     66 |     55 |     11 |      0 |     49 |   1 |   66.0 |
          Lair |   8145 |   7989 |    156 |    701 |   6360 |   4 | 2036.2 |
     Snake Pit |      1 |      1 |      0 |      0 |      0 |   1 |    1.0 |
         Sewer |   1412 |   1412 |      0 |      0 |    994 |   1 | 1412.0 |
               +--------+--------+--------+--------+--------+-----+--------+

Top non-repeatable levels by time:
  Lair:2: 3515 daAuts
     D:8: 2729 daAuts
    D:11: 2438 daAuts
  Lair:1: 2290 daAuts
     D:7: 1964 daAuts
  Lair:3: 1795 daAuts
    D:10: 1791 daAuts
     D:5: 1774 daAuts
     D:9: 1668 daAuts
   Sewer: 1412 daAuts
     D:6: 1411 daAuts
     D:3: 1345 daAuts
     D:4: 1316 daAuts
     D:1: 1244 daAuts
     D:2: 732 daAuts
